Map: Cactus Valley LE (Void)

Players

Railgan - Winner!

  • Race: Zerg Zerg
  • League: Grandmaster
  • Spawn Location: 11:00

Bioice

  • Race: Zerg Zerg
  • League: Grandmaster
  • Spawn Location: 7:00

VOD

Have the link to the VOD?

Description

Time

  • Played on: March 22, 2017, 5:45 p.m.
  • Length: 15:10
Show
View Real Time Build Order
Export as new Build Order

Railgan Zerg - Winner!

Build Orders: Hatch First 

Get SALT Encoding   

  12  0:02  Drone  
  13  0:13  Overlord  
  13  0:18  Drone  
  14  0:32  Drone x2  
  16  0:37  Drone  
  17  0:46  Drone  
  18  0:59  Drone, Hatchery  
  18  1:01  Extractor  
  17  1:15  Spawning Pool  
  16  1:18  Drone  
  16  1:20  Drone  
  18  1:30  Drone  
  19  1:40  Overlord  
  19  1:53  Drone  
  20  2:01  Drone  
  20  2:02  Queen  
  23  2:10  Queen  
  23  2:11  Zergling x2  
  23  2:12  Drone  
  27  2:23  Drone  
  27  2:24  Drone  
  29  2:32  Overlord  
  29  2:35  Drone  
  30  2:45  Drone x2  
  30  2:46  Baneling Nest, Queen  
  33  2:54  Drone  
  33  2:57  Drone  
  35  3:02  Lair  
  35  3:04  Drone  
  36  3:09  Zergling x2  
  36  3:10  Zergling x2  
  36  3:12  Drone  
  39  3:17  Roach Warren  
  39  3:18  Drone  
  39  3:19  Drone  
  41  3:20  Drone  
  41  3:21  Drone  
  41  3:25  Overlord  
  42  3:30  Drone  
  42  3:31  Drone  
  42  3:32  Baneling x2  
  44  3:44  Drone x4  
  44  3:45  Drone  
  44  3:47  Evolution Chamber  
  44  3:48  Extractor x2  
  46  3:51  Baneling  
  46  3:52  Baneling x2  
  46  3:57  Roach x2  
  50  4:05  Roach  
  50  4:08  Overlord  
  52  4:16  Overlord  
  52  4:21  Overlord  
  52  4:25  Overlord  
  50  4:33  Drone x2  
  50  4:34  Overlord  
  50  4:35  Glial Reconstitution  
  50  4:36  Zerg Missile Weapons Level 1  
  50  4:37  Drone x3  
  54  4:49  Drone x2  
  54  4:50  Overlord  
  56  4:59  Roach x2  
  60  5:02  Hatchery  
  60  5:04  Roach  
  60  5:05  Roach  
  63  5:11  Roach x3  
  69  5:20  Hatchery  
  68  5:21  Roach  
  68  5:22  Roach x2  
  68  5:24  Roach  
  68  5:28  Drone x2  
  76  5:32  Drone  
  76  5:33  Drone  
  74  5:38  Roach  
  78  5:43  Roach x3  
  78  5:46  Roach  
  84  5:50  Overlord  
  84  5:56  Roach x2  
  88  6:01  Roach  
  88  6:02  Roach  
  90  6:07  Drone  
  90  6:08  Overlord  
  91  6:16  Roach x2  
  91  6:17  Roach x2  
  99  6:23  Overlord  
  99  6:29  Overlord  
  99  6:30  Zerg Missile Weapons Level 2  
  99  6:33  Drone x2  
  101  6:46  Drone x2  
  101  6:47  Drone x5  
  104  6:49  Queen  
  104  6:50  Drone  
  104  6:51  Drone  
  108  6:55  Extractor x2, Drone  
  105  7:02  Roach x2  
  105  7:08  Roach  
  111  7:13  Ravager x3  
  111  7:14  Ravager  
  115  7:17  Drone  
  115  7:18  Drone x4  
  115  7:20  Overlord  
  115  7:21  Roach x2  
  124  7:26  Overlord  
  124  7:30  Overlord  
  124  7:32  Roach x2  
  124  7:36  Overlord  
  128  7:39  Overlord  
  128  7:41  Roach  
  128  7:43  Ravager x2  
  132  7:52  Roach x5  
  132  7:53  Roach  
  132  7:56  Ravager x2  
  132  7:57  Roach x2  
  150  8:01  Roach  
  150  8:02  Roach  
  150  8:05  Roach x2  
  158  8:08  Overlord  
  158  8:09  Roach  
  160  8:15  Overlord  
  160  8:17  Roach  
  160  8:18  Overlord  
  160  8:28  Overlord  
  160  8:30  Overlord, Overseer  
  160  8:32  Roach x4  
  168  8:39  Roach x5  
  178  8:45  Overlord x2  
  178  8:55  Roach  
  170  9:03  Roach x5  
  170  9:05  Roach  
  170  9:06  Roach x2  
  156  9:14  Roach  
  156  9:15  Roach x3  
  144  9:22  Roach  
  144  9:23  Roach x6  
  146  9:29  Roach x2  
  150  9:32  Extractor  
  150  9:35  Ravager x5  
  150  9:36  Ravager  
  150  9:37  Roach  
  157  9:47  Drone x2  
  157  9:51  Roach x3  
  165  9:53  Hatchery  
  165  9:56  Roach x2  
  168  10:01  Roach x2  
  172  10:12  Roach x6  
  184  10:17  Zerg Ground Armor Level 1  
  184  10:19  Roach  
  182  10:24  Roach x3  
  188  10:28  Ravager  
  188  10:31  Ravager x2  
  191  10:40  Roach x3  
  191  10:41  Roach x4  
  199  10:47  Roach  
  197  10:50  Overlord  
  195  11:01  Overseer  
  193  11:08  Roach x4  
  197  11:19  Ravager  
  197  11:24  Roach x3  
  196  11:46  Roach x8  
  200  11:53  Spire  
  193  11:57  Overlord  
  193  11:59  Roach x5  
  189  12:13  Roach  
  189  12:14  Roach x5  
  195  12:23  Roach  
  181  12:46  Roach x3  
  181  12:47  Roach  
  183  12:54  Roach  
  179  12:59  Roach  
  179  13:00  Roach x4  
  168  13:14  Mutalisk x10  
  166  13:41  Roach  
  166  13:42  Roach x8  
  166  13:46  Roach  
  166  13:48  Roach  
  168  13:53  Roach x2  
  168  13:54  Roach  
  146  14:15  Roach  
  146  14:16  Roach x7  
  146  14:20  Roach x2  
  144  14:25  Mutalisk x2  
  144  14:29  Mutalisk  
  150  14:44  Roach  
  150  14:45  Roach x4  
  152  14:49  Roach  
  152  14:50  Roach  
Show
View Real Time Build Order
Export as new Build Order

Bioice Zerg 

Build Orders: Hatch First 

Get SALT Encoding   

  12  0:01  Drone  
  13  0:12  Overlord  
  13  0:18  Drone  
  14  0:34  Drone x2  
  16  0:50  Hatchery  
  16  0:53  Drone  
  16  0:56  Drone  
  17  0:59  Drone  
  18  1:08  Extractor  
  17  1:15  Spawning Pool  
  17  1:17  Drone  
  17  1:21  Drone  
  18  1:29  Drone  
  20  1:40  Drone  
  20  1:50  Overlord  
  20  2:02  Queen  
  20  2:03  Queen  
  20  2:04  Zergling x4  
  26  2:09  Metabolic Boost  
  26  2:11  Drone  
  26  2:13  Drone  
  28  2:22  Drone  
  29  2:24  Drone  
  30  2:31  Baneling Nest  
  30  2:34  Zergling x4  
  31  2:50  Hatchery  
  30  2:59  Overlord  
  30  3:01  Drone x2  
  32  3:09  Zergling x4  
  32  3:10  Zergling x2  
  35  3:17  Queen  
  37  3:22  Baneling x2  
  37  3:24  Zergling x2  
  38  3:42  Drone  
  38  3:43  Drone x5  
  44  3:53  Overlord x2  
  44  4:02  Overlord  
  44  4:04  Drone x3  
  44  4:05  Drone  
  48  4:13  Drone  
  48  4:14  Drone x2  
  48  4:15  Roach Warren  
  50  4:18  Drone x2  
  52  4:28  Drone  
  52  4:29  Drone x4  
  56  4:34  Lair  
  56  4:37  Evolution Chamber  
  55  4:52  Extractor x2, Drone x3  
  56  4:57  Drone x4, Overlord x2  
  56  4:59  Roach x2  
  64  5:05  Roach x2  
  67  5:12  Roach x2  
  67  5:13  Roach  
  73  5:21  Roach x4  
  79  5:32  Roach x2  
  79  5:33  Roach x4  
  87  5:39  Overlord  
  87  5:43  Zerg Missile Weapons Level 1  
  87  5:51  Extractor, Overlord x2  
  87  5:53  Roach x2  
  87  5:55  Overlord  
  87  5:56  Overlord  
  90  6:02  Glial Reconstitution  
  90  6:05  Drone x2  
  90  6:06  Drone  
  90  6:07  Drone x2  
  90  6:08  Drone x2  
  97  6:12  Roach x2  
  97  6:14  Drone  
  97  6:15  Drone  
  97  6:16  Drone  
  97  6:18  Drone  
  105  6:20  Drone  
  105  6:21  Drone  
  105  6:24  Drone  
  108  6:27  Drone  
  108  6:28  Extractor, Drone  
  109  6:34  Overseer  
  109  6:36  Drone x3  
  107  6:47  Drone  
  107  6:48  Drone x2  
  107  6:49  Drone x4  
  114  6:55  Roach x3  
  124  7:01  Roach x2  
  124  7:07  Overlord x3  
  124  7:09  Roach x2  
  124  7:10  Roach  
  124  7:13  Overlord x2  
  130  7:17  Overlord  
  130  7:23  Overlord  
  130  7:24  Overlord  
  130  7:27  Roach  
  130  7:28  Roach x4  
  130  7:29  Ravager  
  142  7:30  Ravager x5  
  142  7:32  Roach x2  
  142  7:35  Overlord  
  150  7:37  Roach  
  150  7:38  Roach  
  150  7:42  Roach x3  
  150  7:43  Roach  
  162  7:54  Roach x2  
  162  7:55  Roach x3  
  168  8:06  Zerg Missile Weapons Level 2  
  166  8:15  Roach  
  166  8:16  Roach x7  
  178  8:22  Overlord x2  
  178  8:32  Overlord  
  178  8:46  Roach x3  
  178  8:47  Roach x4  
  188  8:57  Roach x6  
  161  9:12  Roach x8  
  145  9:20  Roach x2  
  145  9:24  Roach  
  134  9:25  Ravager x4  
  134  9:31  Roach x2  
  142  9:32  Ravager  
  142  9:35  Roach  
  145  9:39  Roach  
  145  9:41  Hatchery  
  145  9:44  Roach x2  
  150  9:48  Extractor  
  150  9:49  Roach  
  151  9:53  Roach x2  
  151  9:54  Roach x3  
  151  9:56  Roach x4  
  167  10:11  Roach x3  
  171  10:19  Roach  
  167  10:23  Roach x8  
  183  10:28  Roach  
  183  10:29  Overlord  
  183  10:30  Overlord  
  183  10:40  Roach x3  
  181  10:51  Roach x8  
  181  10:52  Roach  
  197  11:09  Unknown x3  
  191  11:25  Roach x4  
  189  11:26  Roach x5  
  190  11:33  Roach x5  
  200  11:46  Roach x3  
  189  11:57  Ravager x6  
  189  11:58  Roach  
  189  11:59  Roach x3  
  199  12:04  Roach  
  197  12:21  Roach x2  
  197  12:22  Roach x2  
  199  12:26  Hatchery  
  198  12:35  Roach  
  184  12:47  Roach  
  184  12:48  Roach x9  
  184  13:00  Roach x2  
  184  13:01  Roach x7  
  184  13:02  Queen  
  184  13:06  Roach  
  183  13:13  Roach x2  
  183  13:23  Roach x3  
  183  13:24  Roach x2  
  183  13:27  Roach  
  169  13:46  Roach x2  
  169  13:47  Roach x6  
  166  13:56  Roach x4  
  149  14:06  Hydralisk Den  
  124  14:13  Roach  
  124  14:14  Roach x6  
  124  14:15  Spore Crawler  
  124  14:16  Spore Crawler, Queen  
  114  14:17  Queen  
  114  14:18  Roach x2  
  114  14:19  Spore Crawler  
  114  14:20  Spore Crawler  
  104  14:24  Spore Crawler  
  104  14:25  Roach x4  
  104  14:26  Roach x3  
  105  14:34  Roach x2  
  105  14:35  Roach  
  105  14:37  Roach x2  
  97  14:45  Hydralisk x2  
  97  14:46  Hydralisk  
Tags
 
Add a new tag
Caveats
  • Supply blocks, unpowered buildings, or Contaminate may cause inaccurate times.
  • Supply counts are checked every 10 seconds.